 Dungeon Crawl Stone Soup version 0.30-a0-857-gcaf70739d4 (webtiles) character file.

Game seed: 3406631626531073742

17 ragingrage the Sneak (level 2, -1/24 HPs)
             Began as a Demonspawn Delver on Mar 6, 2023.
             Splashed by a jelly's acid (4 damage)
             ... on level 4 of the Dungeon.
             The game lasted 00:01:07 (406 turns).

ragingrage the Sneak (Demonspawn Delver)             Turns: 406, Time: 00:01:07

Health: -1/24      AC: -2    Str: 12    XL:     2   Next: 44%
Magic:  2/2        EV:  9    Int: 11    God:
Gold:   31         SH:  0    Dex: 14    Spells: 1/1 levels left

rFire   . . .      SeeInvis .    a - +0 falchion
rCold   . . .      Faith    .    (no shield)
rNeg    . . .      Spirit   .    d - +0 scale mail
rPois   .          Reflect  .    (no helmet)
rElec   .          Rampage  .    (no cloak)
rCorr   .                        (no gloves)
Will    .....                    (no boots)
Stlth   +                        (no amulet)
HPRegen 0.24/turn                (no ring)
MPRegen 0.08/turn                (no ring)

@: corroded
A: demonic touch 1
a: no special abilities


You were on level 4 of the Dungeon.
You visited 1 branch of the dungeon, and saw 3 of its levels.

You collected 31 gold pieces.

Inventory:

Hand Weapons
 a - a +0 falchion (weapon)
Armour
 d - a +0 scale mail (worn)
Wands
 g - a wand of digging (3)
Scrolls
 c - a scroll of fog
 i - a scroll of enchant weapon {unknown}
Potions
 f - 2 potions of haste


   Skills:
 - Level 3.0 Fighting
 + Level 2.8 Long Blades
 - Level 1.7 Dodging
 - Level 4.5 Stealth


You had one spell level left.
You didn't know any spells.
Your spell library was empty.

Dungeon Overview and Level Annotations

Branches:
Dungeon (6/15)             Temple (0/1) D:6

Altars:

Annotations:
D:4 Dowan
D:5 exclusion: howler monkey
D:6 Eustachio


Innate Abilities, Weirdness & Mutations

Your touch may inflict minor irresistible damage on your foes.


Message History

There is a stone staircase leading up here.
You climb upwards.
You hear the hiss of flowing sand.
There is an entrance to an ossuary on this level.
Hurry and find it before the portal is buried!
Level annotation: Dowan You hear the slow hiss of a distant avalanche of sand.
The hobgoblin shouts!
The adder hisses angrily.
Found 12 gold pieces.
Found a stone staircase leading up.
There is a stone staircase leading down here.
Unknown command.
Unknown command.
The goblin shouts!
A jelly comes into view.
The goblin closely misses you. The goblin attacks as you move away!
The goblin barely misses you. The goblin attacks as you move away!
The goblin hits you but does no damage.
You closely miss the goblin. The goblin barely misses you.
The goblin hits you but does no damage.
You hit the goblin but do no damage. The goblin hits you with a +0 dagger.
The goblin attacks as you move away! The goblin barely misses you.
The jelly jiggles.
The goblin attacks as you move away! The goblin hits you but does no damage.
The goblin attacks as you move away! The goblin hits you but does no damage.
You hit the goblin. The goblin barely misses you.
You hit the goblin.
You kill the goblin!
You hit the hobgoblin.
You touch the hobgoblin.
You kill the hobgoblin!
You hit the jelly. The acid corrodes you!
Your hands burn!
The jelly hits you but does no damage.
You hit the jelly but do no damage.
Your hands burn!
The jelly hits you but does no damage.
You hit the jelly. The acid corrodes you!
Your hands burn!
The jelly closely misses you. The jelly hits you.
You are splashed with acid.
* * * LOW HITPOINT WARNING * * *
You hit the jelly but do no damage.
Your hands burn!
* * * LOW HITPOINT WARNING * * *
The jelly barely misses you.
You hit the jelly but do no damage.
Your hands burn!
You die...

##..##
#S.#
#..#
#..#
#..#
###..#
#SS..#
#J#.##
#@#.#
#.#.#
....#
.....#
#.....#
#......
#.....##
#####.#


You could see a jelly and 2 adders.

Vanquished Creatures
  An adder (D:5)
  2 ball pythons (D:4)
  2 hobgoblins (D:4)
  A quokka (D:5)
  A goblin (D:4)
7 creatures vanquished.

Notes
Turn   | Place    | Note
-------+----------+-------------------------------------------
     0 | D:5      | ragingrage the Demonspawn Delver began the quest for the
                  | Orb.
     0 | D:5      | Reached XP level 1. HP: 18/18 MP: 1/1
    66 | D:5      | Noticed an iguana
   120 | D:6      | Noticed Eustachio
   128 | D:5      | Noticed a howler monkey
   243 | D:4      | Noticed Dowan
   262 | D:5      | Discovered your monstrous ancestry.
   262 | D:5      | Gained mutation: Your touch may inflict minor irresistible
                  | damage on your foes. [demonic ancestry]
   262 | D:5      | Reached XP level 2. HP: 15/24 MP: 2/2
   314 | D:5      | Noticed an ogre
   406 | D:4      | Splashed by a jelly's acid

Illustrated notes

Levels and vault maps discovered:
D:4:      layout_rooms, enter_ossuary_4, uniq_crazy_yiuf_cottage, uniq_robin,
          uniq_duvessa
D:5:      layout_basic, grunt_dithmenos_smoke, portal_sewer_entry_e
D:6:      layout_layer_cave, lemuel_temple_firewalk_a, grunt_ministairs_14,
          corner_web_ring, uniq_eustachio

Skill      XL: |  1 |
---------------+----+-----
Long Blades    | 2 |  2.8
Fighting       | |  3.0
Dodging        | |  1.7
Stealth        | |  4.5

Action                     || total
---------------------------++-------
  Melee: Falchion          ||    27
         Touch             ||     1
    Use: Scroll            ||     2
         Potion            ||     1
   Stab: Sleeping          ||     1
 Armour: Scale mail        ||    13
         Leather armour    ||     1
  Dodge: Dodged            ||    18

Table legend: (Time is in decaauts)
 A = Elapsed time spent in this place.
 B = Non-inter-level travel time spent in this place.
 C = Inter-level travel time spent in this place.
 D = Time resting spent in this place.
 E = Time spent auto-exploring this place.
 F = Levels seen in this place.
 G = Mean time per level.
                   A        B        C        D        E       F      G
               +--------+--------+--------+--------+--------+-----+--------+
         Total |    411 |    385 |     26 |     37 |    125 |   3 |  137.0 |
       Dungeon |    411 |    385 |     26 |     37 |    125 |   3 |  137.0 |
               +--------+--------+--------+--------+--------+-----+--------+

Top non-repeatable levels by time:
     D:5: 329 daAuts
     D:4: 44 daAuts
     D:6: 38 daAuts
